Map: Ghost River LE

Players

sajerago - Winner!

  • Race: Zerg Zerg
  • League: Platinum
  • Spawn Location: 11:00

Nyck

  • Race: Terran Terran
  • League: Silver
  • Spawn Location: 1:00

VOD

Have the link to the VOD?

Description

Time

  • Played on: Oct. 9, 2024, 4:43 p.m.
  • Length: 5:47
Show
View Real Time Build Order
Export as new Build Order

sajerago Zerg - Winner!

Build Orders: Hatch First 

Get SALT Encoding   

  12  0:06  Drone  
  13  0:13  Overlord  
  13  0:17  Drone  
  14  0:25  Extractor  
  14  0:26  Drone  
  15  0:33  Drone  
  16  0:39  Drone  
  17  0:56  Hatchery  
  16  0:57  Drone  
  17  1:12  Spawning Pool  
  17  1:14  Drone  
  17  1:17  Drone  
  18  1:23  Drone  
  19  1:27  Extractor  
  18  1:35  Overlord  
  18  1:45  Drone  
  19  1:59  Queen  
  19  2:00  Zergling x2  
  22  2:05  Overlord  
  22  2:09  Queen  
  22  2:10  Zergling x2  
  25  2:22  Drone x2  
  27  2:31  Drone  
  27  2:36  Queen  
  28  2:39  Drone x2  
  32  2:45  Drone  
  32  2:47  Queen  
  32  2:49  Overlord  
  35  3:06  Metabolic Boost  
  35  3:10  Roach Warren, Baneling Nest  
  35  3:11  Drone, Extractor  
  35  3:12  Drone  
  34  3:17  Overlord  
  34  3:21  Drone  
  35  3:30  Drone x3  
  38  3:37  Drone x3  
  41  3:46  Overlord  
  41  3:54  Roach x3  
  47  4:02  Baneling x3  
  46  4:05  Zergling x6  
  49  4:13  Roach x3  
  55  4:26  Zergling x6  
  55  4:27  Zergling x2  
  56  4:44  Queen  
  56  4:50  Lair  
  56  4:51  Drone x3  
  56  4:52  Drone x5  
  64  4:58  Baneling x5  
  64  5:14  Spore Crawler x2  
  63  5:17  Extractor  
  61  5:27  Hatchery  
Show
View Real Time Build Order
Export as new Build Order

Nyck Terran 

Build Orders:  

Get SALT Encoding   

  12  0:00  SCV  
  13  0:12  SCV  
  14  0:19  Supply Depot  
  14  0:24  SCV  
  15  0:41  SCV  
  16  0:42  Barracks  
  16  0:54  SCV, Barracks  
  17  1:04  Refinery  
  17  1:06  SCV  
  18  1:20  SCV  
  18  1:22  Barracks  
  19  1:30  Marine  
  19  1:31  Supply Depot  
  20  1:44  Orbital Command  
  20  1:45  Marine  
  21  2:01  Marine  
  21  2:06  Barracks Tech Lab  
  22  2:11  SCV  
  22  2:13  Marine  
  24  2:23  SCV  
  24  2:24  Marine  
  25  2:38  Combat Shield  
  25  2:39  Marine  
  25  2:40  Marine  
  27  2:53  Supply Depot  
  27  2:58  Command Center  
  27  2:59  Marine x2  
  29  3:06  Marine  
  29  3:09  SCV  
  31  3:16  Supply Depot  
  31  3:17  Marine x2  
  33  3:22  SCV  
  33  3:24  Marine  
  35  3:34  Marine  
  35  3:35  Marine  
  35  3:38  SCV  
  38  3:42  Marine  
  39  3:53  SCV  
  40  4:00  Stimpack  
  40  4:11  Supply Depot  
  40  4:13  SCV  
  40  4:15  Orbital Command  
  25  4:52  Barracks Tech Lab  
  25  4:53  Barracks Tech Lab  
  25  4:55  SCV  
  26  5:00  Refinery  
  26  5:02  Engineering Bay  
  26  5:05  Supply Depot, Engineering Bay  
  26  5:12  Marauder  
  26  5:13  Marauder x2  
  32  5:20  Orbital Command  
Tags
 
Add a new tag
Caveats
  • Supply blocks, unpowered buildings, or Contaminate may cause inaccurate times.
  • Supply counts are checked every 10 seconds.